 Dungeon Crawl Stone Soup version 0.28.0-45-g0d030f2227 (webtiles) character file.

Game seed: 16753753679646178201

65 Zeld the Conjurer (level 3, -1/26 HPs)
             Began as a Draconian Conjurer on Apr 8, 2022.
             Slain by Jessica
             ... wielding a +0 club
              (5 damage)
             ... on level 3 of the Dungeon.
             The game lasted 00:02:46 (3029 turns).

Zeld the Conjurer (Draconian Conjurer)              Turns: 3029, Time: 00:02:46

Health: -1/26      AC:  5    Str:  9    XL:     3   Next: 94%
Magic:  0/6        EV: 12    Int: 20    God:
Gold:   127        SH:  0    Dex:  9    Spells: 3/6 levels left

rFire   . . .      SeeInvis .   (no weapon)
rCold   . . .      Faith    .   (no shield)
rNeg    . . .      Spirit   .   (armour unavailable)
rPois   .          Reflect  .   (helmet restricted)
rElec   .          Harm     .   (no cloak)
rCorr   .          Rampage  .   (no gloves)
Will    .....                   (no boots)
Stlth   ++........              (no amulet)
HPRegen 0.08/turn               (no ring)
MPRegen 0.10/turn               (no ring)

@: no status effects
A: AC +5, unfitting armour, cold-blooded
a: no special abilities


You were on level 3 of the Dungeon.
You visited 1 branch of the dungeon, and saw 3 of its levels.

You collected 127 gold pieces.

Inventory:

Scrolls
 a - 2 scrolls of noise {unknown}
 b - 2 scrolls of teleportation {unknown}
 c - a scroll of fog {unknown}
 e - a scroll of amnesia {unknown}
 h - a scroll of identify {unknown}
 i - a scroll of brand weapon {unknown}
Potions
 d - a potion of brilliance {unknown}
 f - a potion of heal wounds {unknown}
 g - a potion of mutation {unknown}


   Skills:
 + Level 1.9 Dodging
 - Level 1.7 Stealth
 + Level 0.4 Unarmed Combat
 + Level 2.2 Spellcasting
 * Level 5.3 Conjurations


You had 3 spell levels left.
You knew the following spells:

 Your Spells              Type           Power      Damage    Failure   Level
a - Magic Dart            Conj           92%        1d7       1%          1
b - Searing Ray           Conj           46%        2d6       2%          2

Your spell library contained the following spells:

 Spells                   Type           Power      Damage    Failure   Level
 Dazzling Flash           Conj/Hex       24%        N/A       16%         3
 Ensorcelled Hibernation  Hex/Ice        4%         N/A       24%         2
 Spider Form              Tmut/Pois      2%         N/A       43%         3
 Fulminant Prism          Conj/Hex       6%         3d7       45%         4
 Iskenderun's Mystic Bla  Conj/Tloc      12%        2d5       45%         4
 Anguish                  Hex/Necr       1%         N/A       83%         4


Dungeon Overview and Level Annotations

Branches:
Dungeon (3/15)

Altars:

Annotations:
D:3 Jessica


Innate Abilities, Weirdness & Mutations

Your plain brown scales are hard. (AC +5)
You cannot fit into any form of body armour.
You are cold-blooded and may be slowed by cold attacks.


Message History

Jessica is moderately wounded.
Jessica misses you. Jessica hits you but does no damage.
Jessica hits you with a +0 club.
There is a stone staircase leading down here.
Jessica closely misses you. Jessica misses you. Jessica closely misses you.
Casting: Magic Dart (safe; 1% risk of failure)
Confirm with . or Enter, or press ? or * to list all spells.
Aiming: Magic Dart (safe; 1% risk of failure)
Press: ? - help, Shift-Dir - straight line, f/p - Jessica
Aim: Jessica, wielding a +0 club and wearing a +0 robe (lightly wounded, fast, 100% to hit)
The magic dart hits Jessica.
Jessica is heavily wounded.
Unknown command.
Jessica gestures at you while chanting. Pain shoots through your body!
* * * LOW HITPOINT WARNING * * *
Jessica casts a spell.
Jessica blinks!
Casting: Magic Dart (safe; 1% risk of failure)
Confirm with . or Enter, or press ? or * to list all spells.
Aiming: Magic Dart (safe; 1% risk of failure)
Press: ? - help, Shift-Dir - straight line, f/p - Jessica
Aim: Jessica, wielding a +0 club and wearing a +0 robe (heavily wounded, fast, 100% to hit)
The magic dart hits Jessica.
Jessica is severely wounded.
Jessica barely misses you.
Jessica gestures wildly.
Jessica barely misses you.
Jessica casts a spell.
Jessica blinks!
There is a stone staircase leading down here.
Jessica gestures at you while chanting. Pain shoots through your body!
* * * LOW HITPOINT WARNING * * *
Jessica shouts, "You're disturbing me!
I'll have to kill you!" Jessica hits you with a +0 club.
You die...

############ #..=.......#
###########.#######.#
....†.............#.#
#..........#.....#.#
#.#..........#####.####
##.#................#
#.#.#####@.####.##.# #
#.#.#....@......##.#
#####.##.#.#...........##.#
................>......##.#
......##.#+#..........###.#
...†..........(#..##### #.#
...............#..# #.#
...............#..# #.#
.........#+##.....# #.#


You could see Jessica (fast).

Vanquished Creatures
  2 adders (D:2)
  4 dart slugs
  2 endoplasms (D:1)
  A giant cockroach (D:1)
  5 goblins
  9 hobgoblins
  4 jackals (D:2)
  A quokka (D:1)
  3 ball pythons (D:1)
  A kobold (D:1)
  4 rats
36 creatures vanquished.

Notes
Turn   | Place    | Note
-------+----------+-------------------------------------------
     0 | D:1      | Zeld the Draconian Conjurer began the quest for the Orb.
     0 | D:1      | Reached XP level 1. HP: 14/14 MP: 3/3
   233 | D:1      | Reached XP level 2. HP: 10/20 MP: 0/5
   545 | D:1      | Learned a level 2 spell: Searing Ray
  1629 | D:2      | Reached XP level 3. HP: 26/26 MP: 3/6
  1911 | D:2      | Reached skill level 5 in Conjurations
  2098 | D:2      | Found a faded altar of an unknown god.
  2990 | D:3      | Noticed Jessica
  3029 | D:3      | Slain by Jessica

Illustrated notes

Levels and vault maps discovered:
D:1:      ncdulo_wetmaze, layout_basic
D:2:      layout_loops_corners, shapermc_ecumenical_altar_totnotflames
D:3:      layout_basic, nicolae_shop_unique_rings, uniq_grinder, uniq_terence,
          uniq_jessica

Skill      XL: |  1  2  3 |
---------------+----------+-----
Conjurations   | 5 |  5.3
Dodging        | |  1.9
Stealth        | |  1.7
Unarmed Combat | |  0.4
Spellcasting   | |  2.2

Action                   || total
-------------------------++-------
Melee: Unarmed           ||    26
       Tailslap          ||     1
 Cast: Magic Dart        ||    74
       Searing Ray       ||     4
Armor: Skin              ||     8
Dodge: Dodged            ||    26
